 Dungeon Crawl Stone Soup version 0.28.0-53-g5a82cb258f (webtiles) character file.

Game seed: 11464439520206004407

7728 issech the Protected (level 11, -20/83 HPs)
             Began as a Minotaur Monk on June 17, 2022.
             Was an Elder of Hepliaklqana.
             Demolished by a shadow (31 damage)
             ... on level 11 of the Dungeon.
             The game lasted 00:33:52 (11341 turns).

issech the Protected (Minotaur Monk)               Turns: 11341, Time: 00:33:53

Health: -20/83     AC: 19    Str: 17    XL:     11   Next: 0%
Magic:  0/10       EV:  7    Int:  7    God:    Hepliaklqana [****..]
Gold:   460        SH: 16    Dex: 18    Spells: 10/10 levels left

rFire   + + .      SeeInvis .   R - +2 dagger (venom)
rCold   . . .      Faith    .   I - +0 tower shield
rNeg    + . .      Spirit   +   E - +4 chain mail of Indecent Exposure {rF+ rN+ Dex+2}
rPois   .          Reflect  .   (helmet restricted)
rElec   .          Harm     .   t - +0 cloak
rCorr   .          Rampage  .   X - +0 pair of gloves
Will    .....                   (no boots)
Stlth   ..........              Z - amulet of guardian spirit
HPRegen 0.23/turn               P - ring of protection from fire
MPRegen 0.12/turn               (no ring)

@: about to teleport, slowed, very slow
A: reduced essence, horns 2, retaliatory headbutt
a: Renounce Religion, Recall Ancestor, Ancestor Identity, Transference, Idealise


You were on level 11 of the Dungeon.
You worshipped Hepliaklqana.
Hepliaklqana was greatly pleased with you.
You visited 2 branches of the dungeon, and saw 12 of its levels.

You collected 552 gold pieces.
You spent 92 gold pieces at shops.

Inventory:

Hand Weapons
 l - a +0 war axe
 L - a +0 hunting sling
 R - a +2 dagger of venom (weapon)
 T - a +3 dagger
 U - a +0 vorpal hand axe
Missiles
 d - 251 stones (quivered)
 f - 10 poisoned darts
 h - 68 sling bullets
 k - 107 arrows
 Q - 2 curare-tipped darts
Armour
 b - +0 steam dragon scales
 e - the +6 scale mail of a ziggurat {Will+ rCorr}
   (You found it on level 7 of the Dungeon)

   rCorr:     It protects you from acid and corrosion.
   Will:      It increases your willpower.
 t - a +0 cloak (worn)
 E - the +4 chain mail of Indecent Exposure (worn) {rF+ rN+ Dex+2}
   (You found it on level 5 of the Dungeon)

   Dex:       It affects your dexterity (+2).
   rF:        It protects you from fire.
   rN:        It protects you from negative energy.
 I - a +0 tower shield (worn)
 X - a +0 pair of gloves (worn)
Jewellery
 j - an amulet of the acrobat
 P - a ring of protection from fire (left hand)
 Z - an amulet of guardian spirit (around neck)
Wands
 q - a wand of flame (16)
 r - a wand of iceblast (9)
 F - a wand of polymorph (10)
 M - a wand of mindburst (17)
 W - a wand of acid (4)
Scrolls
 c - 2 scrolls of identify
 g - 3 scrolls of teleportation
 i - 3 scrolls of magic mapping
 v - a scroll of silence
 D - 3 scrolls of fear
 K - 2 scrolls of blinking
 N - a scroll of fog
Potions
 a - 2 potions of degeneration {unknown}
 m - 4 potions of lignification {unknown}
 o - 2 potions of curing {unknown}
 s - a potion of might {unknown}
 A - 3 potions of heal wounds {unknown}
 C - 4 potions of flight
 G - 4 potions of brilliance {unknown}
 H - a potion of invisibility {unknown}
 O - 2 potions of mutation {unknown}


   Skills:
 + Level 7.7 Fighting
 + Level 7.1 Short Blades
 + Level 7.7 Axes
 + Level 11.7 Armour
 + Level 5.2 Dodging
 + Level 4.6 Stealth
 + Level 7.9 Shields


You had 10 spell levels left.
You didn't know any spells.
Your spell library contained the following spells:

 Spells                   Type           Power      Damage    Failure   Level
 Pain                     Necr           0%         1d4       100%        1
 Sandblast                Erth           0%         2d4       100%        1
 Passwall                 Tmut/Erth      0%         N/A       100%        2
 Stone Arrow              Conj/Erth      0%         3d7       100%        3
 Animate Armour           Summ/Erth      0%         N/A       100%        4
 Agony                    Necr           0%         N/A       100%        5
 Excruciating Wounds      Necr           0%         N/A       100%        5
 Lehudib's Crystal Spear  Conj/Erth      0%         10d2      100%        8


Dungeon Overview and Level Annotations

Branches:
Dungeon (11/15)            Temple (1/1) D:6
   Lair: D:8-11         Orc: D:9-12

Altars:
Ashenzari
Cheibriados
Dithmenos
Elyvilon
Fedhas
Gozag
Hepliaklqana
Kikubaaqudgha
Makhleb
Okawaru
Qazlal
Ru
Sif Muna
Trog
Uskayaw
Vehumet
Wu Jian
Xom
Yredelemnul
Zin
The Shining One

Shops:
D:8 :?*(*


Innate Abilities, Weirdness & Mutations

Your life essence is reduced to manifest your ancestor. (-10% HP)
You have a pair of horns on your head.
You reflexively headbutt those who attack you in melee.


Message History

You headbutt the centaur.
The centaur is moderately wounded.
You block the vampire mosquito's attack.
You block the centaur's attack. x2; The vampire mosquito bites you.
* * * LOW HITPOINT WARNING * * *
The vampire mosquito draws strength from your injuries!
The wraith hits you but does no damage.
The centaur hits you but does no damage.
You block the centaur's attack.
The vampire mosquito bites you but does no damage.
You hit the centaur.
The centaur looks as sick as possible!
The centaur is moderately wounded.
You block the vampire mosquito's attack.
The centaur barely misses you.
The centaur kicks you but does no damage.
You block the wraith's attack.
You block the vampire mosquito's attack.
The centaur hits you but does no damage.
The centaur barely misses you. The wraith closely misses you.
You furiously retaliate!
You headbutt the wraith, but do no damage.
As you read the scroll of teleportation, it crumbles to dust.
You feel strangely unstable.
The vampire mosquito bites you but does no damage.
The centaur hits you but does no damage.
You block the centaur's attack.
You block the vampire mosquito's attack.
You block the centaur's attack. The centaur kicks you.
You block the vampire mosquito's attack.
The wraith closely misses you. You furiously retaliate!
You headbutt the wraith, but do no damage.
You hit the centaur.
The centaur looks as sick as possible!
You headbutt the centaur.
You kill the centaur!
The vampire mosquito bites you but does no damage.
You block the vampire mosquito's attack.
You block the wraith's attack.
The vampire mosquito bites you but does no damage.
The shadow strikes at you from the darkness!
You die...

#♣.♣.♣##♣+♣##
..#..#..>..#
#c#W'..8..+
#p.#..<..#
♣.♣##♣+♣##
♣.l# ♣♣W#
♣yW# ♣@♣#
♣)♣♣ ##


You could see 2 wraiths, a wyvern and a vampire mosquito.

Vanquished Creatures
  A two-headed ogre (D:6)
  A cyclops (D:11)
  A troll (D:9)
  A hornet (D:7)
  A yak (D:7)
  Eustachio (D:5)
  A wyvern (D:8)
  2 orc warriors
  A black bear (D:6)
  An ice beast (D:5)
  A necrophage (D:7)
  3 centaurs
  A kobold brigand (D:7)
  A bullfrog (D:7)
  2 scorpions
  A water moccasin zombie (D:7)
  2 wights (D:8)
  Crazy Yiuf (D:3)
  An orc priest (D:4)
  3 hounds (D:5)
  A gnoll shaman (D:4)
  A bullfrog skeleton (D:7)
  3 orc wizards
  A killer bee zombie (D:6)
  A hound zombie (D:5)
  A howler monkey zombie (D:9)
  A gnoll (D:4)
  2 howler monkey skeletons
  2 adders
  A shadow imp (D:4)
  A white imp (D:4)
  An ufetubus (D:6)
  5 worms
  2 dart slugs
  5 orcs
  4 bats
  3 endoplasms
  3 giant cockroaches
  4 goblins
  6 hobgoblins
  5 quokkas
  8 ball pythons
  A frilled lizard (D:3)
  8 kobolds
  7 rats
104 creatures vanquished.

Vanquished Creatures (collateral kills)
  A hydra (D:9)
  The ghost of Valamore the Thaumaturge, a journeyman DjCj of Gozag (D:9)
  Pikel (D:5)
  5 centaur zombies
  A troll (D:9)
  3 yaks (D:7)
  A steam dragon (D:7)
  Menkaure (D:5)
  A water moccasin (D:7)
  A sky beast (D:6)
  An ice beast (D:5)
  An orc warrior (D:8)
  A kobold brigand (D:8)
  5 bullfrogs
  2 scorpions (D:5)
  A howler monkey (D:7)
  An electric eel (D:7)
  A wight (D:8)
  4 lava snakes (D:10)
  2 bullfrog zombies (D:5)
  2 hounds
  A jelly (D:6)
  A centaur skeleton (D:4)
  An iguana (D:5)
  3 orc wizards (D:4)
  A hound zombie (D:5)
  A howler monkey zombie (D:7)
  4 gnolls (D:4)
  An ufetubus (D:5)
  A worm (D:4)
  11 orcs
  2 endoplasms (D:4)
  A hobgoblin (D:4)
  2 kobolds (D:8)
67 creatures vanquished.

Vanquished Creatures (others)
  2 battlemagi
  4 fungi (D:3)
  5 plants (D:9)
  2 withered plants (D:9)
13 creatures vanquished.

Grand Total: 184 creatures vanquished

Notes
Turn   | Place    | Note
-------+----------+-------------------------------------------
     0 | D:1      | issech the Minotaur Monk began the quest for the Orb.
     0 | D:1      | Reached XP level 1. HP: 19/19 MP: 0/0
   158 | D:1      | Reached XP level 2. HP: 24/27 MP: 1/1
   962 | D:2      | Reached XP level 3. HP: 31/33 MP: 2/2
  1846 | D:3      | Found a runed translucent door.
  1847 | D:3      | Noticed Crazy Yiuf
  2207 | D:3      | Reached skill level 1 in Armour
  2207 | D:3      | Reached XP level 4. HP: 28/41 MP: 3/3
  2762 | D:3      | Found a hazy altar of Hepliaklqana.
  2762 | D:3      | Found a shimmering blue altar of Sif Muna.
  2770 | D:3      | Found a white marble altar of Elyvilon.
  2773 | D:3      | Became a worshipper of Hepliaklqana the Forgotten
  2773 | D:3      | Reached * piety under Hepliaklqana
  2773 | D:3      | Reached ** piety under Hepliaklqana
  2774 | D:3      | Remembered your ancestor Cipactli as a battlemage
  2778 | D:3      | Found a burning altar of Makhleb.
  2780 | D:3      | Found a radiant altar of Vehumet.
  3070 | D:3      | Killed Crazy Yiuf
  3291 | D:4      | Noticed a scorpion
  3298 | D:4      | Killed a scorpion
  3299 | D:4      | Reached skill level 5 in Axes
  3299 | D:4      | Reached skill level 2 in Armour
  3299 | D:4      | Reached XP level 5. HP: 24/42 MP: 4/4
  3811 | D:4      | Reached XP level 6. HP: 37/49 MP: 5/5
  3814 | D:4      | Reached skill level 3 in Armour
  4129 | D:4      | Reached skill level 5 in Fighting
  4888 | D:5      | Entered Level 5 of the Dungeon
  4893 | D:5      | Reached skill level 4 in Armour
  4893 | D:5      | Reached XP level 7. HP: 54/54 MP: 6/6
  4903 | D:5      | Noticed Pikel
  4906 | D:5      | Reached skill level 1 in Short Blades
  4914 | D:5      | Killed Pikel
  4915 | D:5      | Reached skill level 5 in Armour
  5070 | D:5      | Reached skill level 6 in Armour
  5071 | D:5      | Reached XP level 8. HP: 25/62 MP: 7/7
  5337 | D:5      | Identified the +4 chain mail of Indecent Exposure {rF+ rN+
                  | Dex+2}
  5349 | D:5      | Noticed Eustachio
  5369 | D:5      | Killed Eustachio
  5370 | D:5      | Reached skill level 7 in Armour
  5629 | D:5      | Noticed Menkaure
  5637 | D:5      | Killed Menkaure
  5996 | D:5      | Found an ancient bone altar of Kikubaaqudgha.
  6145 | D:6      | Noticed a two-headed ogre
  6156 | D:6      | Killed a two-headed ogre
  6157 | D:6      | Reached skill level 5 in Short Blades
  6157 | D:6      | Reached skill level 8 in Armour
  6157 | D:6      | Reached skill level 1 in Shields
  6157 | D:6      | Reached XP level 9. HP: 49/69 MP: 8/8
  6264 | D:6      | Found a staircase to the Ecumenical Temple.
  6275 | Temple   | Entered the Ecumenical Temple
  6670 | D:6      | Reached skill level 9 in Armour
  6819 | D:6      | Reached *** piety under Hepliaklqana
  7450 | D:7      | Identified the +6 scale mail of a ziggurat {Will+ rCorr}
  7987 | D:7      | Reached skill level 10 in Armour
  7987 | D:7      | Reached XP level 10. HP: 65/77 MP: 9/9
  8187 | D:8      | Found Cushrual's Book Shop.
  8241 | D:8      | Found Zamen's General Store.
  8262 | D:8      | Found Nennahur's Magic Scroll Shop.
  8282 | D:8      | Bought a scroll of identify for 22 gold pieces
  8287 | D:8      | Bought a scroll of identify for 22 gold pieces
  8295 | D:8      | Bought a scroll of identify for 26 gold pieces
  8390 | D:8      | Reached skill level 5 in Shields
  9161 | D:8      | Found Potaorghua's Weapon Boutique.
  9217 | D:8      | Found Fyiblatu's General Store.
  9217 | D:8      | Reached **** piety under Hepliaklqana
  9221 | D:8      | Bought a scroll of identify for 22 gold pieces
  9609 | D:9      | Found an iron altar of Okawaru.
  9684 | D:9      | Reached skill level 5 in Dodging
  9871 | D:9      | Noticed a five-headed hydra
  9879 | D:9      | Killed a five-headed hydra
  9880 | D:9      | Reached skill level 11 in Armour
  9888 | D:9      | Found the +1 robe of Vines {NoPotionHeal Regen++++}
 10499 | D:9      | Found a runed translucent door.
 10499 | D:9      | Noticed Valamore's ghost (journeyman DjCj)
 10732 | D:9      | Noticed a mana viper
 10732 | D:9      | Noticed a mana viper
 10732 | D:9      | Killed Valamore's ghost
 10832 | D:10     | Entered Level 10 of the Dungeon
 11315 | D:11     | Noticed a cyclops
 11324 | D:11     | Noticed a death knight
 11327 | D:11     | Killed a cyclops
 11328 | D:11     | Reached XP level 11. HP: 62/83 MP: 6/10
 11341 | D:11     | Demolished by a shadow

Illustrated notes

Levels and vault maps discovered:
D:1:      minmay_arrival_split_and_join, layout_basic, serial_bayou_crossing
D:2:      layout_loops_ring, roderic_serpentine_path
D:3:      minmay_wonky_spiral, layout_loops_corners,
          chequers_temple_overflow_minitemple, uniq_crazy_yiuf_cottage
D:4:      layout_basic
D:5:      layout_gridville, mainiacjoe_overflow_surrounded_room, uniq_eustachio,
          uniq_menkaure, uniq_pikel
D:6:      layout_cave_pods, minmay_temple_entry_statues_fountains
D:7:      layout_basic, nicolae_lava_and_water, kennysheep_generic_room_2
D:8:      layout_rooms, serial_shops, shop_fountains, nicolae_shop_waterfront,
          shop, nicolae_shop_temple_entry_statues_fountains,
          nicolae_shop_hallway_stairs, st_stairs_7
D:9:      layout_roguey, okawaru_gym_becter, gammafunk_ghost_grave,
          hellmonk_guarded_unrand_vines
D:10:     erik_rubicon_a, layout_long_grid, lemuel_tele_altar
D:11:     nzn_winding_woodlands_stair_cross [nzn_winding_woodlands_5x15_garden,
          nzn_winding_woodlands_center_lodge,
          nzn_winding_woodlands_5x15_lazy_stream,
          nzn_winding_woodlands_5x5_perimeter, nzn_winding_woodlands_hourglass,
          nzn_winding_woodlands_5x15_twine,
          nzn_winding_woodlands_center_pierced_h,
          nzn_winding_woodlands_5x15_default], layout_loops_ring,
          grunt_lair_entry_orc_guard_hut, grunt_ministairs_13
Temple:   jpeg_temple_clearing

Skill      XL: |  1  2  3  4  5  6  7  8  9 10 |
---------------+-------------------------------+-----
Fighting       | 4 5 6 7 |  7.7
Axes           | 4 5 6 7 |  7.7
Dodging        | 4 5 |  5.2
Armour         | 1 2 4 6 8 10 11 | 11.7
Stealth        | 2 3 4 |  4.6
Short Blades   | 2 5 6 7 |  7.1
Shields        | 1 4 7 |  7.9

Action                   |  1- 3 |  4- 6 |  7- 9 | 10-12 || total
-------------------------+-------+-------+-------+-------++-------
Melee: Hand axe          |    52 |       |       |       ||    52
       Headbutt          |    16 |    24 |    38 |    47 ||   125
       War axe           |    43 |    41 |       |       ||    84
       Dagger            |       |    50 |   127 |   156 ||   333
Invok: Ancestor Life: Ba |       |     1 |       |       ||     1
  Use: Scroll            |       |       |     1 |     7 ||     8
 Stab: Invisible         |       |     1 |       |       ||     1
       Distracted        |       |     1 |     3 |     3 ||     7
Armor: Robe              |    11 |       |       |       ||    11
       Chain mail        |    29 |    32 |    69 |   105 ||   235
Dodge: Dodged            |    56 |    42 |    47 |    43 ||   188
Block: Tower shield      |       |       |    53 |   186 ||   239
